 Dungeon Crawl Stone Soup version 0.21-a0-264-g3e31e41 (webtiles) character file.

77 Dylgear the Shield-Bearer (level 4, -4/37 HPs)
             Began as a Formicid Fighter on Sept 9, 2017.
             Killed by divine providence
             ... invoked by an orc priest
              (14 damage)
             ... on level 2 of the Dungeon.
             The game lasted 00:04:30 (1380 turns).

Dylgear the Shield-Bearer (Formicid Fighter)        Turns: 1380, Time: 00:04:31

Health: -4/37      AC:  9    Str: 20    XL:     4   Next: 60%
Magic:  4/4        EV:  6    Int:  8    God:
Gold:   94         SH:  9    Dex: 11    Spells: 3/3 levels left

rFire    . . .     SeeInvis +   a - +0 war axe
rCold    . . .     Gourm    .   c - +0 shield
rNeg     . . .     Faith    .   q - +0 chain mail
rPois    .         Spirit   .   (helmet unavailable)
rElec    .         Reflect  .   (no cloak)
rCorr    .         Harm     .   (no gloves)
MR       .....                  (no boots)
Stlth    ..........             (no amulet)
HPRegen  0.12/turn              (no ring)
MPRegen  0.09/turn              (no ring)

@: no status effects
A: permanent stasis, dig shafts and tunnels, four strong arms, antennae 3
a: Dig, Shaft Self


You were on level 2 of the Dungeon.
You were hungry.

You visited 1 branch of the dungeon, and saw 2 of its levels.

You collected 94 gold pieces.

Inventory:

Hand Weapons
 a - a +0 war axe (weapon)
Missiles
 l - 2 throwing nets (quivered)
Armour
 c - a +0 shield (worn)
 q - a +0 chain mail (worn)
Scrolls
 e - a scroll of immolation {unknown}
 h - 2 scrolls of magic mapping {unknown}
 k - a scroll of enchant weapon {unknown}
 n - 3 scrolls of identify {unknown}
 o - a scroll of remove curse {unknown}
Potions
 d - a potion of might
 i - 2 potions of degeneration {unknown}
 m - a potion of heal wounds {unknown}
 p - a potion of mutation {unknown}
Comestibles
 f - 2 bread rations
 j - 2 meat rations


   Skills:
 + Level 3.7 Fighting
 * Level 3.0 Axes
 + Level 4.1 Armour
 + Level 0.1 Dodging
 + Level 4.2 Shields


You had 3 spell levels left.
You didn't know any spells.

Dungeon Overview and Level Annotations

Branches:
Dungeon (2/15)

Altars:
Ashenzari
Fedhas


Innate Abilities, Weirdness & Mutations

You cannot be hasted, slowed, berserked, paralysed or teleported.
You can dig through walls and to a lower floor.
Your four strong arms can wield two-handed weapons with a shield.
You have a pair of large antennae on your head. (SInv)


Message History

The orc priest is moderately wounded.
The orc priest hits you but does no damage.
You block the orc priest's attack.
Your chain mail prevents you from hitting the orc priest.
The orc priest is moderately wounded.
The orc priest hits you but does no damage.
You hit the orc priest.
The orc priest is heavily wounded.
The orc priest hits you.
* * * LOW HITPOINT WARNING * * *
The orc priest hits you but does no damage.
You hit the orc priest but do no damage.
The orc priest is heavily wounded.
The orc priest hits you but does no damage.
Unknown command.
You closely miss the orc priest.
The orc priest is heavily wounded.
The orc priest calls down the wrath of Beogh upon you.
Beogh smites you!
You die...

.## #.#.####.###.##.#
..# #............##.#
..#####.##.###.######.#
........##.# #.#......#
..#####.##.# #.#.######
..# #.##.# #.#.# ..#
#.##.# ..#.# ### #.##.#
###.# #.##.# #@# #.##.#
#o# .. #o# #.. ..# #.#
#.# #..


You could see an orc priest and an orc.

Vanquished Creatures
  4 adders (D:2)
  5 dart slugs (D:1)
  3 orcs (D:2)
  A giant cockroach (D:1)
  4 goblins
  3 hobgoblins
  3 bats
  2 kobolds
  3 rats
28 creatures vanquished.

Vanquished Creatures (others)
  5 toadstools (D:1)
5 creatures vanquished.

Grand Total: 33 creatures vanquished

Notes
Turn   | Place    | Note
-------+----------+-------------------------------------------
     0 | D:1      | Dylgear the Formicid Fighter began the quest for the Orb.
     0 | D:1      | Reached XP level 1. HP: 18/18 MP: 1/1
    29 | D:1      | Reached XP level 2. HP: 18/24 MP: 2/2
   406 | D:1      | Reached XP level 3. HP: 25/29 MP: 3/3
   882 | D:2      | Found a blossoming altar of Fedhas.
   942 | D:2      | Reached XP level 4. HP: 29/35 MP: 4/4
  1000 | D:2      | Found a shattered altar of Ashenzari.
  1380 | D:2      | Killed from afar by an orc priest

Vault maps used:
D:1:      ldierk_walled_garden, corexii_leaking_fountain
D:2:      ashenzari_conservatory_becter, fedhas_altar_2

Skill      XL: |  1  2  3  4 |
---------------+-------------+-----
Armour         | 4 |  4.1
Shields        | 4 |  4.2
Axes           | 3 |  3.0
Fighting       | |  3.7
Dodging        | |  0.1

Action                   |  1- 3 |  4- 6 || total
-------------------------+-------+-------++-------
Melee: War axe           |    69 |    63 ||   132
  Eat: Chunk             |       |     1 ||     1
Armor: Scale mail        |    40 |    21 ||    61
       Chain mail        |       |    12 ||    12
Dodge: Dodged            |    21 |    22 ||    43
Block: Shield            |    41 |    26 ||    67

Table legend:
 A = Spawn XP
 B = Non-spawn XP
 C = Spawn XP percentage of total XP
 D = Spawn monster count
 E = Non-spawn monster count
 F = Spawn count percentage of total count
 G = Total turns spent on level
                    A         B        C        D         E        F      G
               +---------+---------+-------+---------+---------+-------+---------
         Total |       0 |     111 |   0.0 |       0 |      28 |   0.0 |  1380
               +---------+---------+-------+---------+---------+-------+---------
           D:1 |       0 |      33 |   0.0 |       0 |      13 |   0.0 |   642
           D:2 |       0 |      78 |   0.0 |       0 |      15 |   0.0 |   738
               +---------+---------+-------+---------+---------+-------+---------
